 Dungeon Crawl Stone Soup version 0.30-a0-696-g2367cd04db (webtiles) character file.

Game seed: 2490987258937836941

842 Darius099 the Shield-Bearer (level 8, -3/51 HPs)
             Began as a Gargoyle Fighter on Jan 21, 2023.
             Was a Follower of Okawaru.
             Shot with an arrow by a centaur (9 damage)
             ... on level 5 of the Dungeon.
             The game lasted 00:06:17 (4987 turns).

Darius099 the Shield-Bearer (Gargoyle Fighter)      Turns: 4987, Time: 00:06:17

Health: -3/51      AC: 14    Str: 20    XL:     8   Next: 0%
Magic:  8/8        EV:  9    Int: 15    God:    Okawaru [*.....]
Gold:   303        SH:  6    Dex: 17    Spells: 7/7 levels left

rFire   . . .      SeeInvis .    E - +1 whip (elec)
rCold   . . .      Faith    .    c - +0 buckler
rNeg    + . .      Spirit   .    b - +0 scale mail
rPois   ∞          Reflect  .    r - +1 hat
rElec   +          Harm     .    (no cloak)
rCorr   .          Rampage  .    (no gloves)
Will    .....                    (no boots) Stlth
                                 v - amulet of the acrobat
HPRegen 0.28/turn                q - +6 ring of dexterity
MPRegen 0.11/turn                i - +6 ring of intelligence

@: no status effects
A: sickness immunity, AC +5, negative energy resistance 1, electricity
resistance, torment resistance 1, petrification resistance
a: Renounce Religion, Heroism


You were on level 5 of the Dungeon.
You worshipped Okawaru.
Okawaru was aware of your devotion.
You visited 2 branches of the dungeon, and saw 6 of its levels.

You collected 303 gold pieces.

Inventory:

Hand Weapons
 E - a +1 whip of electrocution (weapon)
Armour
 b - a +0 scale mail (worn)
 c - a +0 buckler (worn)
 r - a +1 hat (worn)
Jewellery
 i - a +6 ring of intelligence (right hand)
 q - a +6 ring of dexterity (left hand)
 t - a ring of see invisible
 v - an amulet of the acrobat (around neck)
Scrolls
 a - a scroll of teleportation {unknown}
 e - a scroll of enchant weapon {unknown}
 f - 9 scrolls of identify {unknown}
 j - 2 scrolls of enchant armour {unknown}
 p - 3 scrolls of poison
 s - a scroll of blinking {unknown}
 u - a scroll of brand weapon {unknown}
 w - a scroll of noise
 y - a scroll of magic mapping {unknown}
 A - a scroll of fear {unknown}
 C - a scroll of fog {unknown}
Potions
 d - a potion of might
 g - a potion of degeneration {unknown}
 h - 3 potions of mutation {unknown}
 k - a potion of attraction {unknown}
 l - 2 potions of brilliance {unknown}
 m - a potion of resistance {unknown}
 n - 2 potions of berserk rage {unknown}
 o - a potion of curing {unknown}
 x - a potion of flight {unknown}
 z - a potion of magic {unknown}
 B - a potion of invisibility {unknown}
 D - 3 potions of heal wounds {unknown}


   Skills:
 + Level 5.7 Fighting
 + Level 4.7 Maces & Flails
 + Level 5.7 Armour
 + Level 5.7 Shields


You had 7 spell levels left.
You didn't know any spells.
Your spell library contained the following spells:

 Spells                   Type           Power      Damage    Failure   Level
 Apportation              Tloc           0%         N/A       67%         1
 Magic Dart               Conj           0%         1d3       67%         1
 Slow                     Hex            0%         N/A       67%         1
 Searing Ray              Conj           0%         2d4       80%         2
 Confusing Touch          Hex            0%         N/A       95%         3
 Gell's Gravitas          Tloc           0%         N/A       95%         3
 Teleport Other           Tloc           0%         N/A       95%         3
 Vampiric Draining        Necr           0%         2d6       95%         3
 Fulminant Prism          Conj/Hex       0%         3d5       100%        4
 Passage of Golubria      Tloc           0%         N/A       100%        4
 Alistair's Intoxication  Tmut/Pois      0%         N/A       100%        5
 Yara's Violent Unravell  Hex/Tmut       0%         3d3       100%        5
 Dispersal                Tloc           0%         N/A       100%        6
 Tukima's Dance           Hex            Unusable   N/A       N/A         3

Dungeon Overview and Level Annotations

Branches:
Dungeon (5/15)             Temple (1/1) D:4

Altars:
Cheibriados
Fedhas
Gozag
Nemelex Xobeh
Okawaru
Qazlal
Vehumet
Xom
Zin

Shops:
D:3 ?

Annotations:
D:5 Dowan, Duvessa, Edmund


Innate Abilities, Weirdness & Mutations

You are immune to sickness and miasma.
Your stone body is resilient. (AC +5)
You are immune to poison.
You resist negative energy. (rN+)
You are resistant to electric shocks. (rElec)
You are resistant to unholy torment.
You are immune to petrification.


Message History

You hit the centaur.
The centaur is lightly wounded.
You block the centaur's attack. The centaur completely misses you.
The ice beast hits you. The ice beast freezes you!
* * * LOW HITPOINT WARNING * * *
You block the centaur's attack.
The centaur kicks you but does no damage.
The centaur attacks as you move away! The centaur closely misses you. x2
Dowan gestures at Duvessa while chanting.
Duvessa seems to speed up.
You hit the centaur.
The centaur is heavily wounded.
The centaur hits you.
* * * LOW HITPOINT WARNING * * *
You block the centaur's attack.
Duvessa says, "When magic and the sword combine, nothing stands against them."
The centaur hits you.
* * * LOW HITPOINT WARNING * * *
The centaur kicks you but does no damage.
You don't know any spells.
There are monsters nearby!
The air fills with toxic fumes!
As you read the scroll labelled PAWNOPSOCK, it crumbles to dust.
It was a scroll of poison.
The centaur barely misses you. You block the centaur's attack.
Edmund says, "People accused me of being a cutpurse!"
The centaur wields a +0 shortbow.
The centaur shoots an arrow.
The arrow closely misses you.
The centaur shoots an arrow.
The arrow misses you.
The centaur shoots an arrow.
You block the arrow.
The centaur shoots an arrow.
The arrow misses you.
The centaur shoots an arrow.
The arrow barely misses you.
The centaur shoots an arrow.
The arrow hits you.
* * * LOW HITPOINT WARNING * * *
You see here a +0 mace.
You see here a +0 leather armour.
As you read the scroll labelled GYAXTY JUNYSCHO, it crumbles to dust.
You hear a loud clanging noise!
It was a scroll of noise.
The centaur shoots an arrow.
The arrow hits you!
You die...

#############
####♣P♣P♣P8P♣P♣P♣####
#..............@[...#
##.##♣P♣P♣P8P♣P♣P♣##c#
#..# ############# #.#
#.###.# #.## ###.#
......# #... #...#
####### ##.#.####.###
#......c...#
....##†##...# .
#.).##..#


You could see a centaur.

Vanquished Creatures
  A water moccasin (D:5)
  A black bear (D:4)
  A centaur (D:5)
  2 scorpions
  2 jellies (D:5)
  2 hounds (D:5)
  A gnoll bouda (D:4)
  An iguana (D:5)
  An orc wizard (D:3)
  Ijyb (D:3)
  11 gnolls
  4 adders
  A white imp (D:5)
  2 worms
  2 dart slugs (D:1)
  9 orcs
  A bat (D:1)
  3 endoplasms
  7 giant cockroaches
  4 goblins
  5 hobgoblins
  2 quokkas
  11 ball pythons
  6 frilled lizards
  3 kobolds
  9 rats
  A butterfly (D:4)
94 creatures vanquished.

Notes
Turn   | Place    | Note
-------+----------+-------------------------------------------
     0 | D:1      | Darius099 the Gargoyle Fighter began the quest for the Orb.
     0 | D:1      | Reached XP level 1. HP: 14/14 MP: 1/1
   155 | D:1      | Reached XP level 2. HP: 16/19 MP: 2/2
  1095 | D:2      | Reached XP level 3. HP: 23/23 MP: 3/3
  1462 | D:2      | Reached XP level 4. HP: 23/29 MP: 4/4
  2183 | D:3      | Found Puhef's Magic Scroll Boutique.
  2201 | D:3      | Reached XP level 5. HP: 33/33 MP: 5/5
  2624 | D:3      | Noticed Ijyb
  2670 | D:3      | Killed Ijyb
  2956 | D:3      | Found a sparkling altar of Nemelex Xobeh.
  3173 | D:4      | Found a staircase to the Ecumenical Temple.
  3175 | D:4      | Identified the +2 dagger of the Badger {holy, Str+2}
  3349 | D:4      | Noticed a black bear
  3354 | D:4      | Killed a black bear
  3355 | D:4      | Reached XP level 6. HP: 30/39 MP: 6/6
  3504 | Temple   | Entered the Ecumenical Temple
  3511 | Temple   | Became a worshipper of Warmaster Okawaru
  3891 | D:5      | Entered Level 5 of the Dungeon
  4237 | D:4      | Reached skill level 5 in Shields
  4376 | D:4      | Reached skill level 5 in Fighting
  4376 | D:4      | Reached skill level 5 in Armour
  4452 | D:4      | Reached XP level 7. HP: 29/44 MP: 7/7
  4859 | D:5      | Reached * piety under Okawaru
  4955 | D:5      | Noticed Dowan
  4955 | D:5      | Noticed Edmund
  4958 | D:5      | Noticed Duvessa
  4968 | D:5      | Reached XP level 8. HP: 20/51 MP: 8/8
  4987 | D:5      | Shot with an arrow by a centaur

Illustrated notes

Levels and vault maps discovered:
D:1:      evilmike_arrival_hilbert_curve, layout_basic
D:2:      layout_loops_ring, minmay_randomly_rotated_circles
D:3:      layout_basic, general_overflow_altar, serial_shops, shop_scrolls,
          hangedman_abyss_or_decor_lesser_grid, chequers_serial_rivers_marsh,
          st_stairs_14, uniq_ijyb
D:4:      layout_gridville, minmay_temple_entry_butterflies,
          nicolae_figureground_sparkle
D:5:      layout_loops_ring, minmay_misc_feat_hallway,
          dreamdust_princess_corridor, minmay_manual_mares, uniq_duvessa,
          uniq_edmund
Temple:   nicolae_temple_bog_church

Skill      XL: |  1  2  3  4  5  6 |
---------------+-------------------+-----
Armour         | 4 5 |  5.7
Shields        | 4 5 |  5.7
Fighting       | 4 5 |  5.7
Maces & Flails | 3 4 |  4.7

Action                   |  1- 3 |  4- 6 |  7- 9 || total
-------------------------+-------+-------+-------++-------
Melee: Flail             |    88 |   185 |       ||   273
       Whip              |       |    31 |    67 ||    98
  Use: Scroll            |       |       |     2 ||     2
Armor: Scale mail        |    43 |   119 |    39 ||   201
Dodge: Dodged            |    45 |   119 |    50 ||   214
Block: Buckler           |    20 |    62 |    38 ||   120

Table legend: (Time is in decaauts)
 A = Elapsed time spent in this place.
 B = Non-inter-level travel time spent in this place.
 C = Inter-level travel time spent in this place.
 D = Time resting spent in this place.
 E = Time spent auto-exploring this place.
 F = Levels seen in this place.
 G = Mean time per level.
                   A        B        C        D        E       F      G
               +--------+--------+--------+--------+--------+-----+--------+
         Total |   5066 |   4872 |    194 |    867 |   3002 |   6 |  844.3 |
       Dungeon |   5052 |   4858 |    194 |    867 |   3002 |   5 | 1010.4 |
        Temple |     14 |     14 |      0 |      0 |      0 |   1 |   14.0 |
               +--------+--------+--------+--------+--------+-----+--------+

Top non-repeatable levels by time:
     D:4: 1205 daAuts
     D:1: 1183 daAuts
     D:2: 1010 daAuts
     D:3: 1004 daAuts
     D:5: 648 daAuts
  Temple: 14 daAuts
